 Dungeon Crawl Stone Soup version 0.32-a0-520-g344ed53f66 (webtiles) character file.

Game seed: 8271703602588432264

198 Khashishi the Trooper (level 5, -3/42 HPs)
             Began as a Mummy Monk on Feb 28, 2024.
             Was a Priest of Beogh.
             Slain by Brunolf the orc apostle
             ... wielding a +5 battleaxe of venom
              (13 damage)
             ... on level 4 of the Dungeon.
             The game lasted 00:17:08 (1749 turns).

Khashishi the Trooper (Mummy Monk)                  Turns: 1749, Time: 00:17:09

Health: -3/42      AC: 10    Str: 17    XL:     5   Next: 47%
Magic:  6/6        EV: 15    Int:  9    God:    Beogh [***...]
Gold:   181        SH:  0    Dex: 14    Spells: 4/4 levels left

rFire   x . .        n - +3 flail (elec)
rCold   + . .        c - orb {light}
rNeg    + + +        p - +0 scale mail
rPois   ∞            e - +0 helmet
rElec   .            (no cloak)
rCorr   .            q - +0 pair of gloves
SInv    .            h - +1 pair of boots
Will    .....        i - amulet of regeneration Stlth
                     l - +5 ring of evasion
HPRegen 1.07/turn    (no ring)
MPRegen 0.10/turn

%: faith
@: about to teleport, glowing
A: cold resistance 1, negative energy resistance 3, torment resistance 2, heat
vulnerability 1, in touch with death 1, no potions, faith
a: Renounce Religion, Smiting


You were on level 4 of the Dungeon.
You worshipped Beogh.
Beogh was most pleased with you.
You visited 1 branch of the dungeon, and saw 4 of its levels.

You collected 181 gold pieces.

Inventory:

Hand Weapons
 m - a +2 dagger of venom
 n - a +3 flail of electrocution (weapon)
Missiles
 d - 28 stones
 j - a poisoned dart (quivered)
Armour
 c - an orb of light (worn)
 e - a +0 helmet (worn)
 h - a +1 pair of boots (worn)
 p - a +0 scale mail (worn)
 q - a +0 pair of gloves (worn)
Magical Staves
 k - a staff of fire
Jewellery
 i - an amulet of regeneration (around neck)
 l - a +5 ring of evasion (left hand)
Scrolls
 f - a scroll of noise


   Skills:
 + Level 4.0 Fighting
 - Level 1.0 Maces & Flails
 - Level 3.0 Polearms
 + Level 1.1 Armour
 - Level 3.0 Dodging
 * Level 2.2 Invocations


You had 4 spell levels left.
You didn't know any spells.
Your spell library was empty.

Dungeon Overview and Level Annotations

Branches:
Dungeon (4/15)
 Temple: D:4-7

Altars:
Hepliaklqana
Makhleb

Shops:
D:3 *


Innate Abilities, Weirdness & Mutations

Your facial features look somewhat orcish.
You are immune to poison.
Your flesh is cold resistant. (rC+)
You are immune to negative energy. (rN+++)
You are immune to unholy pain and torment.
You are vulnerable to heat. (rF-)
You are in touch with the powers of death.
You do not drink.
You have a special connection with the divine. (Faith)


Message History

It was a scroll of noise.
You hear an angry growl.
Brunolf misses you.
Blink to where?
Press: ? - help, Dir - move target, p - Brunolf
As you read the scroll labelled KIJOWOX ZATUOM, it crumbles to dust.
It was a scroll of blinking.
Throw: dart (poison)
Press: ? - help, Q - select action, (/) - cycle Shift-Dir - straight line, f - Brunolf
Aim: Brunolf the orc apostle, wielding a +5 battleaxe of venom and wearing a +4 chain mail of poison resistance (moderately wounded, empowered by the touch of Beogh, 53% to hit)
You throw a poisoned dart.
The poisoned dart closely misses Brunolf.
As you read the scroll labelled ILYMEJAXTO, it crumbles to dust.
You feel aware of your surroundings.
It was a scroll of revelation.
Okay, then.
Unknown command.
Unknown command.
Unknown command.
Unknown command.
You can't drink.
Unknown command.
Okay, then.
Unknown command.
As you read the scroll of immolation, it crumbles to dust.
The creatures around you are filled with an inner flame!
j - a poisoned dart You hit Brunolf but do no damage.
Brunolf is moderately wounded.
Brunolf hits you with a +5 battleaxe of venom.
Brunolf hits you with a +5 battleaxe of venom!
* * * LOW HITPOINT WARNING * * *
You sock Brunolf!
Flame seeps out of Brunolf.
Brunolf is heavily wounded.
Brunolf is engulfed in blazing flames.
Flame seeps out of Brunolf.
Brunolf closely misses you.
As you read the scroll of teleportation, it crumbles to dust.
You feel strangely unstable.
Brunolf hits you with a +5 battleaxe of venom!
You die...
Beogh appreciates Brunolf's killing of a heretic priest.

**#.* #....)............*
##.###.....<..........#*
##..##...............>#*
###.##............[...#*
###...................#*
######......<............,
#.....................#*,,
#........#.....#....<##**,
#........@.#######...# **
#.......##o....###...#
#...†...###(....#...##
#.......##........###
#.......##...(...##
#.......##....(..#
#.......###.....##
#.......##......$#
##########.......#


You could see Brunolf the orc apostle (inner flame, divinely empowered).

Vanquished Creatures
  A bombardier beetle (D:3)
  An iguana (D:4)
  An orc wizard (D:3)
  4 adders
  3 dart slugs
  A ribbon worm (D:2)
  7 orcs (D:3)
  5 ball pythons
  7 endoplasms
  4 giant cockroaches
  7 goblins
  4 hobgoblins (D:1)
  5 kobolds
  A quokka (D:2)
  6 bats
  6 frilled lizards
  7 rats
70 creatures vanquished.

Vanquished Creatures (others)
  An orc (D:3)
  A ball python (D:3)
2 creatures vanquished.

Grand Total: 72 creatures vanquished

Notes
Turn   | Place    | Note
-------+----------+-------------------------------------------
     0 | D:1      | Khashishi the Mummy Monk began the quest for the Orb.
     0 | D:1      | Reached XP level 1. HP: 18/18 MP: 1/1
   112 | D:2      | Reached XP level 2. HP: 24/24 MP: 2/2
   582 | D:1      | Reached XP level 3. HP: 29/29 MP: 3/3
   631 | D:2      | Found a hazy altar of Hepliaklqana.
   833 | D:3      | Reached skill level 1 in Armour
   838 | D:3      | Became a worshipper of Beogh the Shepherd
   838 | D:3      | Reached * piety under Beogh
   838 | D:3      | Reached ** piety under Beogh
   842 | D:3      | Found Quvvonk's General Store.
   883 | D:3      | Reached XP level 4. HP: 23/36 MP: 4/4
   970 | D:3      | Reached skill level 1 in Invocations
  1197 | D:2      | Reached XP level 5. HP: 40/42 MP: 6/6
  1338 | D:2      | Found a faded altar of an unknown god.
  1521 | D:3      | Found a burning altar of Makhleb.
  1685 | D:4      | Reached skill level 4 in Fighting
  1707 | D:4      | Reached skill level 1 in Maces & Flails
  1716 | D:4      | Reached *** piety under Beogh
  1727 | D:4      | Noticed Brunolf
  1749 | D:4      | Slain by Brunolf the orc apostle

Illustrated notes

Levels and vault maps discovered:
D:1:      dpeg_arrival_orchard, layout_basic
D:2:      layout_basic, chequers_ecumenical_altar_grove, basic_altar,
          st_stairs_2, grunt_decor_junction, kennysheep_another_room
D:3:      layout_loops_ring, mainiacjoe_overflow_chevrons, serial_shops, shop
D:4:      layout_rooms

Skill      XL: |  1  2  3  4  5 |
---------------+----------------+-----
Armour         | 1 |  1.1
Polearms       | 3 |  3.0
Dodging        | 3 |  3.0
Invocations    | 1 2 |  2.2
Fighting       | 4 |  4.0
Maces & Flails | 1 |  1.0

Action                     |  1- 3 |  4- 6 || total
---------------------------+-------+-------++-------
  Melee: Spear             |   142 |       ||   142
         Flail             |       |    53 ||    53
         Dagger            |       |     1 ||     1
  Throw: Dart              |     4 |    15 ||    19
         Stone             |     1 |       ||     1
 Invoke: Convert to Beogh  |     1 |       ||     1
         Smiting           |       |     1 ||     1
    Use: Scroll            |       |    12 ||    12
 Armour: Robe              |    11 |       ||    11
         Ring mail         |    42 |     1 ||    43
         Scale mail        |       |    34 ||    34
  Dodge: Dodged            |    62 |    65 ||   127
         Repelled          |       |     1 ||     1

Table legend: (Time is in decaauts)
 A = Elapsed time spent in this place.
 B = Non-inter-level travel time spent in this place.
 C = Inter-level travel time spent in this place.
 D = Time resting spent in this place.
 E = Time spent auto-exploring this place.
 F = Levels seen in this place.
 G = Mean time per level.
                   A        B        C        D        E       F      G
               +--------+--------+--------+--------+--------+-----+--------+
         Total |   1760 |   1728 |     32 |      0 |    256 |   4 |  440.0 |
       Dungeon |   1760 |   1728 |     32 |      0 |    256 |   4 |  440.0 |
               +--------+--------+--------+--------+--------+-----+--------+

Top non-repeatable levels by time:
     D:3: 621 daAuts
     D:1: 611 daAuts
     D:2: 430 daAuts
     D:4: 97 daAuts
